AoeStats
← Mezzanine00

Arabia

503405590Analyzed
1v1 RM · 1mo ago on Aug 31, 2026· 45m 35s· 2 players
Game mode
Random Map
Map size
Tiny (2 player)
Population
200
Speed
Normal
Resources
Standard
Victory
Conquest
Starting age
Dark Age
Ending age
Imperial Age
RankedLock teamsTeams togetherTeam positionsShared explorationLock speedFull tech treeHidden civsTurbo modeCheats
Victory
Defeat
🇬🇧 Lithuanians · United Kingdom
1774
+12
🇫🇷 Wu · France
1683
-12
FR - DoduDindon
6:24 Loom
8:59 Feudal Age
9:19 Man-at-Arms
13:58 Fletching
21:05 Castle Age
19:58 Double-Bit Axe
19:55 Horse Collar
20:27 Scale Mail Armor
22:27 Squires
25:04 Scale Mail Armor
27:11 Chain Mail Armor
28:29 Pikeman
32:57 Bow Saw
35:11 Bodkin Arrow
35:43 Town Watch
36:34 Wheelbarrow
39:50 Imperial Age
38:03 Stone Mining
38:05 Gold Mining
39:15 Arson
39:49 Padded Archer Armor
41:38 Conscription
44:41 Ballistics
Mezzanine00
6:32 Loom
8:49 Feudal Age
9:19 Double-Bit Axe
10:21 Horse Collar
15:50 Wheelbarrow
16:14 Fletching
21:26 Castle Age
20:05 Gold Mining
20:46 Padded Archer Armor
22:04 Bodkin Arrow
22:24 Bow Saw
23:41 Husbandry
24:52 Bloodlines
26:30 Sanctity
32:30 Ballistics
32:48 Hand Cart
33:11 Town Watch
34:36 Scale Barding Armor
34:26 Stone Mining
38:24 Imperial Age
36:08 Forging
37:04 Chain Barding Armor
38:13 Iron Casting
38:22 Leather Archer Armor
39:42 Plate Barding Armor
38:29 Cavalier
40:14 Chemistry
39:32 Bracer
40:44 Ring Archer Armor
40:22 Heavy Plow
40:56 Elite Skirmisher
41:51 Paladin
Connection lost

Rejoining the realm…

Still unreachable

The connection could not be restored.

Session expired

The server has moved on; the page needs a fresh start.